 Dungeon Crawl Stone Soup version 0.21-a0-154-gb5400c9 (webtiles) character file.

100 tanzarian the Magician (level 4, 0/24 HPs)
             Began as a Tengu Wizard on Aug 2, 2017.
             Slain by an orc wizard
             ... wielding a +0 dagger
              (2 damage)
             ... on level 4 of the Dungeon.
             The game lasted 00:29:31 (1831 turns).

tanzarian the Magician (Tengu Wizard)               Turns: 1831, Time: 00:29:32

Health: 0/24       AC:  6    Str:  8    XL:     4   Next: 73%
Magic:  3/11       EV: 12    Int: 19    God:
Gold:   77         SH:  0    Dex: 12    Spells: 4/11 levels left

rFire    . . .     SeeInvis .   u - +2 short sword (elec)
rCold    . . .     Gourm    +   (no shield)
rNeg     . . .     Faith    .   y - +0 leather armour
rPois    .         Spirit   .   b - +0 hat
rElec    .         Reflect  .   (no cloak)
rCorr    .         Harm     .   (no gloves)
MR       .....                  (boots unavailable)
Stlth    ++........             k - amulet of the gourmand
HPRegen  0.08/turn              j - +3 ring of protection
MPRegen  0.12/turn              (no ring)

@: no status effects
A: beak, talons 3
a: no special abilities


You were on level 4 of the Dungeon.
You were not hungry.

You visited 1 branch of the dungeon, and saw 3 of its levels.

You collected 77 gold pieces.

Inventory:

Hand Weapons
 o - a +1 dagger of speed
 s - a +0 whip
 t - a +0 short sword
 u - a +2 short sword of electrocution (weapon)
Missiles
 i - 23 arrows
 v - 7 needles of sleeping
Armour
 a - a +0 robe
 b - a +0 hat (worn)
 q - a +0 leather armour
 y - a +0 leather armour (worn)
Jewellery
 j - a +3 ring of protection (left hand)
 k - an amulet of the gourmand (around neck)
Scrolls
 e - a scroll of enchant armour {unknown}
 h - a scroll of identify {unknown}
 n - 2 scrolls of fear {unknown}
 p - a scroll of fog {unknown}
 r - 2 scrolls of remove curse
 w - a scroll of magic mapping {unknown}
Potions
 f - 3 potions of heal wounds {unknown}
 l - a potion of might {unknown}
 m - a potion of curing {unknown}
Books
 c - a book of Minor Magic

   Spells                             Type                      Level
   a - Magic Dart                     Conjuration                  1
   b - Blink                          Translocation                2
   c - Call Imp                       Summoning                    2
   d - Slow                           Hexes                        2
   e - Conjure Flame                  Conjuration/Fire             3
   f - Mephitic Cloud                 Conjuration/Poison/Air       3
Comestibles
 d - a bread ration
 g - a meat ration


   Skills:
 + Level 0.2 Armour
 + Level 2.7 Dodging
 + Level 2.2 Stealth
 + Level 4.2 Spellcasting
 + Level 2.3 Conjurations
 + Level 1.9 Summonings
 + Level 0.8 Translocations


You had 4 spell levels left.
You knew the following spells:

 Your Spells              Type           Power        Failure   Level  Hunger
a - Magic Dart            Conj           ##..         7%          1    None
b - Blink                 Tloc           N/A          21%         2    #......
c - Call Imp              Summ           ##......     13%         2    #......
d - Slow                  Hex            #.......     28%         2    #......


Dungeon Overview and Level Annotations

Branches:
Dungeon (2/15)

Altars:


Innate Abilities, Weirdness & Mutations

You have a beak for a mouth.
You have claws for feet.


Message History

The puff of flame misses you.
You're too confused to cast spells.
Found a stone staircase leading up.
You feel less confused.
You hear some strange, mumbled words.
Something tries to affect you, but you resist.
You hear some strange, mumbled words.
You are confused.
There is a stone staircase leading up here.
You can't go down here!
In your confused state, you trip and fall back down the stairs.
* * * LOW HITPOINT WARNING * * *
The orc wizard gestures at you while chanting.
The magic dart hits something.
The orc hits you but does no damage.
In your confused state, you trip and fall back down the stairs.
* * * LOW HITPOINT WARNING * * *
You feel less confused. Something hits you.
You die...

..## #.....########
...# #.....# #.#
.#.#####.#########.#
##.#......Z..oZ....#
.#...###.#########.#
...{.###.#......{o.#
.....#.....######o.#
...#.#..{..#.......#
...#)#.....#.#..@Z.#
...#.Z.....# ##.#.##
...#.......# .......
#..##+#.##########
#...# .. ...#.# ###
§≈.###.# §§§ .# (§
.o


You could see an orc wizard, an orc and a ball python skeleton.

Vanquished Creatures
  3 adders (D:2)
  An adder skeleton (D:4)
  A worm (D:2)
  2 dart slugs
  2 leopard geckos
  An orc (D:4)
  7 goblins
  2 hobgoblins
  4 jackals (D:1)
  A bat (D:1)
  2 frilled lizards (D:1)
  7 kobolds
  6 rats
39 creatures vanquished.

Vanquished Creatures (collateral kills)
  A worker ant (D:4)
  An orc (D:4)
  2 goblins (D:1)
  2 hobgoblins (D:1)
6 creatures vanquished.

Grand Total: 45 creatures vanquished

Notes
Turn   | Place    | Note
-------+----------+-------------------------------------------
     0 | D:1      | tanzarian the Tengu Wizard began the quest for the Orb.
     0 | D:1      | Reached XP level 1. HP: 10/10 MP: 5/5
   127 | D:1      | Reached XP level 2. HP: 15/15 MP: 4/7
   159 | D:1      | Learned a level 2 spell: Blink
   229 | D:1      | Learned a level 2 spell: Call Imp
   232 | D:1      | Learned a level 2 spell: Slow
   950 | D:1      | Reached XP level 3. HP: 14/19 MP: 3/9
  1449 | D:2      | Reached XP level 4. HP: 24/24 MP: 4/10
  1471 | D:2      | Reached skill level 4 in Spellcasting
  1586 | D:2      | You fall through a shaft for 2 floors!
  1804 | D:4      | HP: 1/24 [orc wizard/dagger (2)]
  1830 | D:4      | HP: 1/24 [fell downstairs (1)]
  1831 | D:4      | Slain by an orc wizard

Vault maps used:
D:1:      scummos_arrival_hexagon, minmay_quantized
D:2:      uniq_crazy_yiuf_cottage
D:4:      nicolae_ru_path_of_blood, nicolae_overflow_crystal_walls,
          grunt_qazlal_sundering, tso_metal_star, first_bread, grunt_decor_cap,
          corexii_shack

Skill      XL: |  1  2  3  4 |
---------------+-------------+-----
Conjurations   | 2 |  2.3
Spellcasting   | 4 |  4.2
Armour         | |  0.2
Dodging        | |  2.7
Stealth        | |  2.2
Summonings     | |  1.9
Translocations | |  0.8

Action                   |  1- 3 |  4- 6 || total
-------------------------+-------+-------++-------
Melee: Dagger            |    48 |       ||    48
       Kick              |    10 |     2 ||    12
       Peck              |     3 |     1 ||     4
       Short sword       |       |    11 ||    11
 Cast: Magic Dart        |    62 |    20 ||    82
       Call Imp          |     8 |     2 ||    10
       Blink             |     1 |     3 ||     4
  Use: Scroll            |     1 |       ||     1
  Eat: Chunk             |     8 |     3 ||    11
Armor: Robe              |     6 |       ||     6
       Leather armour    |       |     6 ||     6
Dodge: Dodged            |    16 |     6 ||    22
